 Dungeon Crawl Stone Soup version 0.30-a0-1018-g25214051b3 (webtiles) character file.

Game seed: 4566291930787280725

31 ThatPearl the Digger (level 2, -1/20 HPs)
             Began as a Demigod Earth Elementalist on Apr 8, 2023.
             Slain by a kobold
             ... wielding a +0 whip
              (4 damage)
             ... on level 2 of the Dungeon.
             The game lasted 00:02:53 (1252 turns).

ThatPearl the Digger (Demigod Earth Elementalist)   Turns: 1252, Time: 00:02:53

Health: -1/20      AC:  6    Str:  9    XL:     2   Next: 90%
Magic:  0/7        EV: 11    Int: 17    God:
Gold:   63         SH:  0    Dex: 14    Spells: 2/5 levels left

rFire   . . .      SeeInvis .    (no weapon)
rCold   . . .      Faith    .    (no shield)
rNeg    . . .      Spirit   .    k - +2 leather armour {rPois}
rPois   +          Reflect  .    h - +0 helmet
rElec   .          Rampage  .    (no cloak)
rCorr   .                        (no gloves)
Will    .....                    (no boots)
Stlth   ++                       e - amulet of the acrobat
HPRegen 0.23/turn                (no ring)
MPRegen 0.10/turn                (no ring)

@: very slightly contaminated
A: high MP 1, forlorn, divine attributes
a: no special abilities


You were on level 2 of the Dungeon.
You visited 1 branch of the dungeon, and saw 2 of its levels.

You collected 63 gold pieces.

Inventory:

Missiles
 m - 4 boomerangs
Armour
 h - a +0 helmet (worn)
 k - a +2 leather armour of poison resistance (worn)
Jewellery
 e - an amulet of the acrobat (around neck)
Scrolls
 c - 4 scrolls of identify {unknown}
 d - a scroll of fog {unknown}
 f - a scroll of torment {unknown}
 i - 2 scrolls of enchant weapon {unknown}
 l - a scroll of blinking {unknown}
Potions
 a - a potion of degeneration {unknown}
 b - a potion of magic
 g - a potion of experience {unknown}
 j - 2 potions of lignification {unknown}
 n - a potion of curing {unknown}


   Skills:
 + Level 0.6 Armour
 - Level 2.0 Dodging
 - Level 2.0 Stealth
 + Level 2.1 Spellcasting
 - Level 1.2 Transmutations
 + Level 3.0 Earth Magic


You had 2 spell levels left.
You knew the following spells:

 Your Spells              Type           Power      Damage    Failure   Level
s - Sandblast             Erth           24%        2d8       8%          1
w - Passwall              Tmut/Erth      7%         N/A       17%         2

Your spell library contained the following spells:

 Spells                   Type           Power      Damage    Failure   Level
 Stone Arrow              Conj/Erth      14%        3d7       38%         3
 Petrify                  Tmut/Erth      9%         N/A       73%         4


Dungeon Overview and Level Annotations

Branches:
Dungeon (2/15)


Innate Abilities, Weirdness & Mutations

You have an increased reservoir of magic. (+10% MP)
You shall have no god before yourself.
Your divine heritage dramatically boosts your attributes as you level up.


Message History

The blast of sand misses the adder.
The blast of sand misses the kobold.
The adder barely misses you. The kobold hits you but does no damage.
The adder closely misses you.
Your magical contamination has completely faded away.
Aiming: Sandblast (safe; 8% risk of failure)
Press: ? - help, Q - select action, (/) - cycle Shift-Dir - straight line, f/p - kobold
Aim: a kobold, wielding a +0 whip and quivering stones (77% to hit)
You miscast Sandblast.
You are very lightly contaminated with residual magic.
Nothing appears to happen.
The adder bites you but does no damage. The kobold barely misses you.
Unknown command.
Aiming: Sandblast (safe; 8% risk of failure)
Press: ? - help, Q - select action, (/) - cycle Shift-Dir - straight line, f - adder, p - kobold
Aim: an adder (heavily wounded, 70% to hit)
You miscast Sandblast.
Nothing appears to happen.
The adder barely misses you. The kobold hits you but does no damage.
The adder closely misses you.
Aiming: Sandblast (safe; 8% risk of failure)
Press: ? - help, Q - select action, (/) - cycle Shift-Dir - straight line, f/p - adder
Aim: an adder (heavily wounded, 70% to hit)
The blast of sand hits the adder!
You kill the adder!
The kobold hits you with a +0 whip. x2; The kobold barely misses you.
Your Earth Magic skill increases to level 3!
Aiming: Sandblast (safe; 8% risk of failure)
Press: ? - help, Q - select action, (/) - cycle Shift-Dir - straight line, f - kobold
Aim: a kobold, wielding a +0 whip (77% to hit)
You miscast Sandblast.
Nothing appears to happen.
The kobold hits you with a +0 whip. The kobold hits you but does no damage.
Unknown command.
You barely miss the kobold. The kobold barely misses you. x2
The kobold attacks as you move away! The kobold closely misses you.
The kobold attacks as you move away! The kobold hits you with a +0 whip.
* * * LOW HITPOINT WARNING * * *
You closely miss the kobold. Your punch misses the kobold.
The kobold hits you but does no damage.
You hit the kobold but do no damage. You punch the kobold, but do no damage.
You barely miss the kobold. The kobold hits you with a +0 whip.
You die...

##.....†..## ##...
#...#......## #...#
##...##......####...#
#...####......##...##
##...#..##......#...#
#...##...##........##
##...#..#..##.......#
#...##K## S.##.....##
##...#K@# .K##....#
#...##.## ..##..##
#...†..# ..##.+
##.#####################
#.##...........#.......
#....######....#.......
####.# #....#.......
#.######....#.......
#.##........#....>..


You could see 2 kobolds.

Vanquished Creatures
  An adder (D:2)
  A worm (D:2)
  An endoplasm (D:2)
  A giant cockroach (D:1)
  A goblin (D:1)
  A hobgoblin (D:1)
  4 kobolds
  A quokka (D:1)
  2 ball pythons (D:1)
  4 frilled lizards
  3 rats
20 creatures vanquished.

Notes
Turn   | Place    | Note
-------+----------+-------------------------------------------
     0 | D:1      | ThatPearl the Demigod Earth Elementalist began the quest
                  | for the Orb.
     0 | D:1      | Reached XP level 1. HP: 14/14 MP: 5/5
   112 | D:1      | Reached skill level 1 in Transmutations
   415 | D:1      | Reached XP level 2. HP: 20/20 MP: 0/7
   418 | D:1      | Learned a level 2 spell: Passwall
  1247 | D:2      | Reached skill level 3 in Earth Magic
  1252 | D:2      | Slain by a kobold

Illustrated notes

Levels and vault maps discovered:
D:1:      lemuel_arrival_rhombus, layout_basic
D:2:      minmay_razor_zed, layout_basic, grunt_decor_arrowhead

Skill      XL: |  1  2 |
---------------+-------+-----
Transmutations | 1 |  1.2
Stealth        | 2 |  2.0
Dodging        | 2 |  2.0
Spellcasting   | 2 |  2.1
Earth Magic    | 3 |  3.0
Armour         | |  0.6

Action                     || total
---------------------------++-------
  Melee: Unarmed           ||    11
         Punch             ||     1
   Cast: Sandblast         ||    42
 Armour: Robe              ||     3
         Leather armour    ||    12
  Dodge: Dodged            ||    26

Table legend: (Time is in decaauts)
 A = Elapsed time spent in this place.
 B = Non-inter-level travel time spent in this place.
 C = Inter-level travel time spent in this place.
 D = Time resting spent in this place.
 E = Time spent auto-exploring this place.
 F = Levels seen in this place.
 G = Mean time per level.
                   A        B        C        D        E       F      G
               +--------+--------+--------+--------+--------+-----+--------+
         Total |   1272 |   1235 |     37 |     57 |    934 |   2 |  636.0 |
       Dungeon |   1272 |   1235 |     37 |     57 |    934 |   2 |  636.0 |
               +--------+--------+--------+--------+--------+-----+--------+

Top non-repeatable levels by time:
     D:1: 741 daAuts
     D:2: 531 daAuts
